[Event "ICC tourney 3363 (40 10)"]
[Site "Internet Chess Club"]
[Date "2024.01.13"]
[Round "5"]
[White "Zhang, Lawrence:lawrencezhang"]
[Black "Zimmerman, Kevin:blackjack721"]
[Result "1-0"]
[ICCResult "Black resigns"]
[WhiteElo "1553"]
[BlackElo "1500"]
[Opening "Robatsch (modern) defense"]
[ECO "A40"]
[NIC "KF.05"]
[Time "20:04:36"]
[PlyCount "109"]
[TimeControl "2400+10"]

1. d4 g6 2. e4 Bg7 3. Nf3 d6 4. h3 a6 5. Nc3 Nf6 6. Bc4 b5 7. Bb3 b4 8. Ne2
Nxe4 9. Bd5 Nxf2 10. Kxf2 c6 11. Bb3 O-O 12. Rf1 d5 13. Kg1 Bf5 14. Ng3 Be6
15. Ng5 Bd7 16. c3 a5 17. Qe1 h6 18. Nf3 Qc8 19. Qxe7 Bxh3 20. gxh3 Qxh3 21.
Qe1 f5 22. Qf2 f4 23. Ne2 g5 24. Qg2 Qh5 25. Qh2 Qg4+ 26. Qg2 Qh5 27. Ne5
Bxe5 28. dxe5 f3 29. Qf2 Nd7 30. Ng3 Qg4 31. Re1 h5 32. e6 Nc5 33. e7 Rfe8
34. Re5 Nd3 35. Rxg5+ Qxg5 36. Bxg5 Nxf2 37. Kxf2 Kg7 38. Kxf3 Kg6 39. Kf4
h4 40. Bc2+ Kg7 41. Bxh4 bxc3 42. bxc3 Rab8 43. Rg1 Kf7 44. Nh5 Ke6 45. Bf5+
Kd6 46. Bg6 Rxe7 47. Bxe7+ Kxe7 48. Re1+ Kd6 49. Nf6 Kc5 50. Nd7+ Kc4 51.
Nxb8 Kxc3 52. Nxc6 d4 53. Nxa5 d3 54. Bxd3 Kxd3 55. Re4 {Black resigns} 1-0

[Event "ICC tourney 3363 (40 10)"]
[Site "Internet Chess Club"]
[Date "2024.01.13"]
[Round "5"]
[White "Ding, Sihan:Fortuneguy"]
[Black "SULTAN, BASHIR Cisse:muzikmixer"]
[Result "0-1"]
[ICCResult "White resigns"]
[WhiteElo "1689"]
[BlackElo "1618"]
[Opening "Old Indian defense"]
[ECO "A42"]
[NIC "OI.07"]
[Time "20:00:31"]
[PlyCount "54"]
[TimeControl "2400+10"]

1. d4 d6 2. c4 e5 3. d5 f5 4. Nc3 Nf6 5. Nf3 Be7 6. e3 O-O 7. Bd2 a5 8. a4
Na6 9. Nb5 c6 10. dxc6 bxc6 11. Nc3 Nc5 12. Be2 Rb8 13. Rb1 Nb3 14. O-O Nxd2
15. Qxd2 Nd7 16. Na2 Nc5 17. b4 axb4 18. Nxb4 Qc7 19. Bd1 Ra8 20. Qa2 Be6
21. Bc2 Ra5 22. Nd3 Nxd3 23. Bxd3 c5 24. Bc2 Bd7 25. Ra1 Rfa8 26. Qb2 e4 27.
Nd2 Bf6 {White resigns} 0-1

[Event "ICC tourney 3363 (40 10)"]
[Site "Internet Chess Club"]
[Date "2024.01.13"]
[Round "5"]
[White "Jackson, Leo Daniel Olivera:ibizajacko"]
[Black "LIN, MICHAEL:knightseu"]
[Result "1-0"]
[ICCResult "Black checkmated"]
[WhiteElo "1404"]
[BlackElo "1711"]
[Opening "Bird's opening"]
[ECO "A03"]
[NIC "VO.07"]
[Time "20:00:41"]
[PlyCount "65"]
[TimeControl "2400+10"]

1. f4 d5 2. Nf3 c5 3. e3 Nc6 4. Bb5 Nf6 5. b3 e6 6. Bb2 Be7 7. O-O O-O 8.
Bxc6 bxc6 9. Ne5 Qc7 10. d3 Nd7 11. Qg4 Bf6 12. Qg3 Rd8 13. Nd2 Rb8 14. a4
Ba6 15. Rab1 Nb6 16. Ba3 Bxe5 17. fxe5 c4 18. Bd6 Rxd6 19. exd6 Qd7 20. bxc4
dxc4 21. a5 cxd3 22. c3 Rd8 23. axb6 axb6 24. Rxb6 Bb5 25. c4 Qa7 26. c5 Qa2
27. Qf2 f6 28. Rb7 Qa6 29. Rxg7+ Kxg7 30. Qxf6+ Kg8 31. Qxd8+ Kg7 32. Qf6+
Kg8 33. Qf8# {Black checkmated} 1-0

[Event "ICC tourney 3363 (40 10)"]
[Site "Internet Chess Club"]
[Date "2024.01.13"]
[Round "5"]
[White "LOPEZ, FRANCISCO JAVIER:steinutz"]
[Black "KRISHNAN, ASHVATH:K05-30042119"]
[Result "0-1"]
[ICCResult "White checkmated"]
[WhiteElo "1675"]
[BlackElo "1758"]
[Opening "Trompowsky attack (Ruth, Opocenský opening)"]
[ECO "A45"]
[NIC "QP.07"]
[Time "20:00:36"]
[PlyCount "82"]
[TimeControl "2400+10"]

1. d4 Nf6 2. Bg5 d6 3. Nd2 h6 4. Bh4 g6 5. e3 Bg7 6. Ngf3 O-O 7. Bc4 Nbd7 8.
c3 c6 9. O-O b5 10. Bb3 a5 11. e4 a4 12. Bc2 e5 13. a3 g5 14. Bg3 Re8 15.
Re1 Qb6 16. Nf1 Ba6 17. h3 Rad8 18. Qb1 Nh5 19. Bh2 Nf8 20. dxe5 dxe5 21.
Ne3 Ng6 22. Rd1 Nhf4 23. Rxd8 Rxd8 24. Qe1 Bc8 25. Rd1 Be6 26. Rd2 Bf6 27.
Qd1 Rxd2 28. Qxd2 h5 29. Bxf4 Nxf4 30. Qd6 g4 31. hxg4 hxg4 32. Nxe5 g3 33.
Nd1 gxf2+ 34. Nxf2 Ne2+ 35. Kf1 Bh4 36. Nfd3 Ng3+ 37. Ke1 Qg1+ 38. Kd2 Nxe4+
39. Ke2 Nxd6 40. Nxc6 Bg4+ 41. Kd2 Nc4# {White checkmated} 0-1